Map: Pylon LE

Players

Reciprocity - Winner!

  • Race: Protoss Protoss
  • League: Diamond
  • Spawn Location: 11:00

IIIIIIIIIIII

  • Race: Zerg Zerg
  • League: Master
  • Spawn Location: 5:00

VOD

Have the link to the VOD?

Description

Time

  • Played on: Aug. 19, 2025, 8:25 a.m.
  • Length: 5:34
Show
View Real Time Build Order
Export as new Build Order

Reciprocity Protoss - Winner!

Build Orders: 1 Gate Expand 

Get SALT Encoding   

  12  0:00  Probe  
  13  0:12  Probe  
  14  0:20  Pylon  
  14  0:24  Probe  
  15  0:35  Probe  
  16  0:43  Probe, Gateway  
  17  0:52  Probe  
  17  0:53  Assimilator  
  18  1:04  Probe  
  19  1:17  Probe  
  20  1:22  Nexus  
  20  1:33  Cybernetics Core  
  20  1:36  Probe  
  21  1:43  Assimilator  
  21  1:48  Probe  
  21  1:50  Pylon  
  22  1:58  Stalker  
  22  2:00  Probe  
  23  2:08  Probe  
  23  2:10  Warp Gate  
  26  2:27  Probe, Twilight Council, Adept  
  29  2:38  Probe  
  29  2:39  Probe  
  29  2:42  Gateway  
  31  2:46  Probe  
  32  2:53  Charge  
  32  2:54  Probe x2  
  34  3:11  Probe  
  36  3:12  Robotics Facility  
  36  3:20  Probe  
  36  3:26  Gateway x2  
  36  3:28  Gateway  
  36  3:30  Gateway  
  36  3:36  Gateway  
  36  3:47  Pylon  
  36  3:48  Pylon  
  36  3:50  Warp Prism  
  36  3:52  Pylon  
  36  4:01  Zealot x2  
  42  4:10  Pylon  
  42  4:11  Pylon  
  42  4:12  Pylon  
  42  4:21  Zealot x2  
  42  4:22  Zealot  
  42  4:23  Zealot  
  50  4:30  Zealot x2  
  54  4:51  Zealot x2  
  54  4:52  Zealot x5  
  68  5:16  Zealot x7  
Show
View Real Time Build Order
Export as new Build Order

IIIIIIIIIIII Zerg 

Build Orders: Hatch First 

Get SALT Encoding   

  12  0:00  Drone  
  13  0:07  Drone  
  14  0:16  Overlord  
  14  0:35  Drone  
  15  0:39  Drone  
  16  0:46  Hatchery  
  15  0:50  Drone  
  15  0:53  Drone  
  17  0:58  Extractor  
  17  0:59  Drone  
  17  1:13  Spawning Pool  
  17  1:17  Drone  
  17  1:20  Drone  
  18  1:29  Drone  
  19  1:45  Drone  
  20  1:50  Drone  
  21  1:59  Metabolic Boost  
  21  2:01  Queen x2  
  21  2:06  Zergling x2  
  26  2:09  Overlord  
  26  2:13  Drone  
  26  2:14  Drone  
  28  2:30  Hatchery  
  28  2:31  Zergling x2  
  28  2:37  Drone x2  
  28  2:38  Drone  
  28  2:43  Overlord  
  31  2:52  Overlord  
  31  3:05  Queen x2  
  35  3:14  Drone x5  
  40  3:23  Drone x4  
  40  3:26  Overlord  
  44  3:46  Drone  
  44  3:47  Drone x7  
  52  3:50  Roach Warren  
  51  3:55  Overlord  
  51  3:57  Drone x2  
  51  3:58  Drone  
  51  4:02  Extractor x2  
  52  4:06  Drone x2  
  54  4:15  Drone x6  
  60  4:21  Overlord  
  60  4:36  Roach  
  60  4:37  Roach x2  
  66  4:39  Overlord x3  
  66  4:41  Roach x3  
  72  4:51  Roach  
  72  4:52  Overlord x2  
  74  4:54  Extractor  
  73  5:02  Roach  
  73  5:03  Roach x6  
  73  5:06  Overlord x2  
  87  5:12  Roach x3  
Tags
 
Add a new tag
Caveats
  • Supply blocks, unpowered buildings, or Contaminate may cause inaccurate times.
  • Supply counts are checked every 10 seconds.